[Event "*** Titled Tuesday Blitz"]
[Site "Chess.com"]
[Date "2021.03.16"]
[Round "4"]
[White "HackingKid98"]
[Black "HanSchut"]
[Result "1-0"]
[WhiteElo "2452"]
[BlackElo "2238"]
[TimeControl "180+1"]
[EndTime "10:37:29 PDT"]
[Termination "HackingKid98 won by resignation"]

1. Nf3 Nf6 2. c4 c5 3. Nc3 d5 4. cxd5 Nxd5 5. g3 Nc6 6. Bg2 Nc7 7. O-O e5 8. a3 f6 9. Rb1 Be6 10. Qa4 Rb8 11. b4 b5 12. Qd1 cxb4 13. axb4 Bxb4 14. Ng5 Bd5 15. Nxd5 Nxd5 16. Qb3 Nce7 17. Ne6 Qd6 18.
Nxg7+ Kf7 19. Nf5 Nxf5 20. Bxd5+ Kg7 21. Be4 Nd4 22. Qxb4 Nxe2+ 23. Kg2 Qxb4 24. Rxb4 Rbc8 25. Bb2 a6 26. Kf3 Rhd8 27. Kxe2 1-0

[Event "*** Titled Tuesday Blitz"]
[Site "Chess.com"]
[Date "2021.03.16"]
[Round "4"]
[White "Orest_Vovk"]
[Black "VladimirBugayev"]
[Result "1-0"]
[WhiteElo "2482"]
[BlackElo "2268"]
[TimeControl "180+1"]
[EndTime "10:37:32 PDT"]
[Termination "Orest_Vovk won on time"]

1. d4 Nf6 2. Nf3 g6 3. Bg5 Ne4 4. Bh4 d5 5. Nbd2 Nd6 6. e3 Bg7 7. Bd3 Bf5 8. Bxf5 Nxf5 9. O-O O-O 10. c3 Nxh4 11. Nxh4 e5 12. g3 exd4 13. exd4 b6 14. Qf3 c6 15. Rfe1 Na6 16. Re2 Re8 17. Rae1 Rxe2 18. Qxe2 Nc7 19. Qe7 Ne6 20. Qxd8+ Rxd8 21. Ndf3 Bf6 22. Ng2 c5 23. dxc5 bxc5 24. Rd1 d4 25. c4 Rb8 26. b3 a5 27. Nge1 a4 28. Rb1 axb3 29. axb3 Nc7 30. Nd3 Na6 31. Nd2 Be7 32. Ra1 Rb6 33. Ra5 Bd6 34. Rb5 Rxb5 35. cxb5 Nb4 36. Nxb4 cxb4 37. Nc4 Bb8 38. Nb6 1-0

[Event "*** Titled Tuesday Blitz"]
[Site "Chess.com"]
[Date "2021.03.16"]
[Round "4"]
[White "MoonlighT89"]
[Black "Oleksandr_Bortnyk"]
[Result "0-1"]
[WhiteElo "2603"]
[BlackElo "2927"]
[TimeControl "180+1"]
[EndTime "10:37:33 PDT"]
[Termination "Oleksandr_Bortnyk won by resignation"]

1. e4 c5 2. Nf3 d6 3. d4 cxd4 4. Nxd4 Nf6 5. Nc3 g6 6. Bb5+ Bd7 7. O-O Bg7 8. Re1 O-O 9. Bf1 Nc6 10. Nb3 Rc8 11. Bg5 Ne5 12. Nd5 Nxd5 13. exd5 Re8 14. c3 Nc4 15. Qe2 Qb6 16. Rab1 Bf5 17. Rbd1 a5 18. Nd4 Bd7 19. b3 Ne5 20. c4 Nxc4 21. Ne6 fxe6 22. dxe6 Bb5 23. bxc4 Bxc4 24.
Qxc4 Rxc4 25. Bxc4 Qc5 26. Bd5 Bd4 27. Be3 Qxd5 28.
Bxd4 Qxa2 29. Rc1 b5 30. h4 b4 31. Rc7 Qd2 32. Rec1 Qxd4 0-1

[Event "*** Titled Tuesday Blitz"]
[Site "Chess.com"]
[Date "2021.03.16"]
[Round "4"]
[White "Dyadya81"]
[Black "zajka-molotok"]
[Result "1-0"]
[WhiteElo "2743"]
[BlackElo "2516"]
[TimeControl "180+1"]
[EndTime "10:37:33 PDT"]
[Termination "Dyadya81 won by checkmate"]

1. e4 c6 2. d4 d5 3. e5 Bf5 4. h4 h5 5. Bg5 Qb6 6. Bd3 Bxd3 7.
Qxd3 Qxb2 8. e6 Qxa1 9. Qb3 b6 10. Nf3 Nf6 11. O-O Ne4 12. Bc1 fxe6 13. Bb2 Qxb2 14. Qxb2 Nd7 15. c4 g6 16. Nbd2 Nxd2 17.
Qxd2 Bg7 18. Qc2 Bf6 19. Qxg6+ Kd8 20. Re1 dxc4 21. Qe4 Rc8 22. Qxe6 b5 23. Ng5 Kc7 24. d5 cxd5 25. Qxd5 Bxg5 26. hxg5 Rb8 27. Rxe7 Rhd8 28. g6 Kc8 29. Qc6# 1-0

[Event "*** Titled Tuesday Blitz"]
[Site "Chess.com"]
[Date "2021.03.16"]
[Round "4"]
[White "Gahan-MG"]
[Black "kobemagic"]
[Result "1-0"]
[WhiteElo "2666"]
[BlackElo "2399"]
[TimeControl "180+1"]
[EndTime "10:37:33 PDT"]
[Termination "Gahan-MG won on time"]

1. e4 Nf6 2. e5 Nd5 3. d4 d6 4.
Nf3 dxe5 5. dxe5 Bg4 6. Be2 e6 7. c4 Nb4 8. Qxd8+ Kxd8 9. Na3 N8c6 10. O-O Bc5 11. Rd1+ Ke7 12. Bg5+ f6 13. exf6+ gxf6 14. Bh4 Rad8 15. h3 Bh5 16. Nb5 Rc8 17. a3 Na6 18. b4 Ncxb4 19. axb4 Bxb4 20. Nxa7 Rcd8 21. Nb5 c6 22. Nbd4 Bc3 23. Rac1 Bxd4 24. Rxd4 Bxf3 25. Rxd8 Rxd8 26. Bxf3 Rd4 27. Bg3 Nb4 28. c5 Nd3 29.
Bd6+ Kd7 30. Rb1 Nb4 31. g3 e5 32. Kg2 Ke6 33. Ra1 f5 34. Ra8 e4 35. Bh5 Rd2 36.
Re8+ Kd7 37. Re7+ Kd8 38. Rf7 Nd3 39. Rxf5 e3 40. Kf1 Nxf2 41. Bf4 1-0

[Event "*** Titled Tuesday Blitz"]
[Site "Chess.com"]
[Date "2021.03.16"]
[Round "4"]
[White "bennyficial"]
[Black "HajiyevKanan"]
[Result "1-0"]
[WhiteElo "2220"]
[BlackElo "2400"]
[TimeControl "180+1"]
[EndTime "10:37:33 PDT"]
[Termination "bennyficial won by resignation"]

1. e4 c6 2. d4 d5 3. exd5 cxd5 4. Bd3 Nc6 5. c3 Qc7 6. h3 Nf6 7.
Nf3 g6 8. O-O Bg7 9. Re1 O-O 10.
Bg5 Bf5 11. Bf1 Rab8 12. Nbd2 b5 13. a3 a5 14. Nb3 b4 15. axb4 axb4 16. Nc5 bxc3 17. bxc3 Rb2 18. Bh4 Ne4 19. Nxe4 dxe4 20. Nd2 e5 21. Nc4 Rbb8 22. d5 Nd8 23. g4 Bd7 24. Rxe4 Bb5 25. Ne3 Qxc3 26. Rc1 Qa3 27.
Bxb5 Rxb5 28. d6 Ne6 29. d7 f6 30. Rc8 Nd4 31. Rxd4 exd4 32. Qxd4 Rb1+ 33. Kg2 Qa1 34. Rxf8+ Bxf8 35. Qxa1 Rxa1 36. d8=Q g5 37. Qd5+ Kg7 38. Bxg5 fxg5 39. Qe5+ Kg6 40. Qxa1 Bd6 41. Qd4 Bf4 42. Qd5 h6 43. Qf5+ Kg7 44. Nd5 Kg8 1-0

[Event "*** Titled Tuesday Blitz"]
[Site "Chess.com"]
[Date "2021.03.16"]
[Round "4"]
[White "Smile2005"]
[Black "abykhovsky"]
[Result "0-1"]
[WhiteElo "2433"]
[BlackElo "2656"]
[TimeControl "180+1"]
[EndTime "10:37:36 PDT"]
[Termination "abykhovsky won by checkmate"]

1. Nf3 Nf6 2. g3 d5 3. Bg2 c6 4. O-O Bg4 5. d3 Nbd7 6. c4 e6 7. Nbd2 Bd6 8. b3 O-O 9. Bb2 a5 10. a3 Re8 11. Qc2 Rc8 12. Bc3 e5 13. e4 b5 14. Rfc1 Nc5 15. Bb2 h6 16. exd5 cxd5 17. cxd5 Bf5 18. Ne1 Nxd3 19. Qd1 Nxb2 20. Qf3 Bg6 21. Rc6 e4 22. Qc3 Rxc6 23. dxc6 Be5 24. Qc5 Nd3 25. Nxd3 Bxa1 26. c7 Qxd3 27. c8=Q Rxc8 28.
Qxc8+ Kh7 29. Nf1 Qxb3 30. h4 Qxa3 31. g4 h5 32. g5 Ng4 33. Ng3 Bd4 34. Nxe4 Qa1+ 35.
Bf1 Bxe4 36. Qd7 Bxf2# 0-1

[Event "*** Titled Tuesday Blitz"]
[Site "Chess.com"]
[Date "2021.03.16"]
[Round "4"]
[White "muchojogo"]
[Black "Bhagya_2312"]
[Result "1-0"]
[WhiteElo "2422"]
[BlackElo "2239"]
[TimeControl "180+1"]
[EndTime "10:37:37 PDT"]
[Termination "muchojogo won by resignation"]

1. d4 d5 2. Bf4 Nf6 3. Nf3 c5 4.
e3 Nc6 5. Nbd2 cxd4 6. exd4 Bf5 7. c3 e6 8. Be2 Bd6 9. Bxd6 Qxd6 10. O-O h6 11.
Re1 O-O 12. Qb3 Rab8 13. Bf1 Nd7 14. Rad1 Rfe8 15. g3 a6 16. a4 Na5 17. Qa2 Qc7 18. Ne5 Nxe5 19. Rxe5 b5 20. axb5 axb5 21. Rxf5 exf5 22. Qxd5 b4 23. Qxf5 bxc3 24. bxc3 Qxc3 25. Ne4 Qb4 26. Bd3 Rb6 27. d5 Nc4 28. Rc1 Ne5 29.
Rc8 Rb8 30. Nf6+ gxf6 31. Qh7+ Kf8 32. Qh8+ Ke7 33. Qxe8+ Kd6 34. Rxb8 Qe1+ 35. Kg2 Nxd3 36. Qc6+ Ke5 37. Re8+ 1-0

[Event "*** Titled Tuesday Blitz"]
[Site "Chess.com"]
[Date "2021.03.16"]
[Round "4"]
[White "jraosam"]
[Black "Artem_Sadovsky"]
[Result "0-1"]
[WhiteElo "1894"]
[BlackElo "2612"]
[TimeControl "180+1"]
[EndTime "10:37:40 PDT"]
[Termination "Artem_Sadovsky won on time"]

1. c4 g6 2. d4 Bg7 3. e4 d6 4.
Nc3 e5 5. d5 f5 6. exf5 gxf5 7.
Qh5+ Kf8 8. Nf3 Nf6 9. Qh4 Qe8 10.
Bg5 Qg6 11. Bxf6 Bxf6 12. Qg3 Na6 13. Qxg6 hxg6 14. Be2 e4 15. Nd2 Bd7 16. O-O-O Nc5 17.
Nb3 Nxb3+ 18. axb3 Kg7 19. Kc2 a6 20. f3 e3 21. f4 Rae8 22. Rd3 g5 23. fxg5 Bxg5 24. g3 f4 25. h4 Bd8 26. Rd4 fxg3 27. Rg1 Bxh4 28.
Ne4 Bf5 29. Kd3 Rxe4 30. Rxe4 Re8 31. Bf3 Bxe4+ 32. Bxe4 e2 33. Re1 g2 34. Rg1 e1=Q 35. Rxe1 Rxe4 36. Rxe4 g1=Q 0-1

[Event "*** Titled Tuesday Blitz"]
[Site "Chess.com"]
[Date "2021.03.16"]
[Round "4"]
[White "Leo_C"]
[Black "chesslh19"]
[Result "1-0"]
[WhiteElo "2429"]
[BlackElo "2254"]
[TimeControl "180+1"]
[EndTime "10:37:42 PDT"]
[Termination "Leo_C won by resignation"]

1. d4 Nf6 2. c4 e6 3. Nc3 d5 4. cxd5 exd5 5. Bg5 c6 6. e3 Be7 7.
Bd3 Nbd7 8. Nge2 O-O 9. O-O Re8 10. f3 Nf8 11. Bh4 Bd6 12. Bf2 Ng6 13. h3 Nh5 14. Bc2 Qg5 15. f4 Qe7 16. Nc1 Nf6 17. Nd3 Bf5 18.
Ne5 Bxc2 19. Qxc2 Bb4 20. Be1 Bxc3 21. Bxc3 Ne4 22. a3 f6 23. Bb4 Qd8 24. Ng4 Ne7 25. f5 Qd7 26. Bxe7 Rxe7 27. Rf4 Rae8 28. Raf1 Ng3 29.
R1f3 Rxe3 30. Nxe3 Rxe3 31. Rxe3 Ne4 32. Rfxe4 dxe4 33. Qxe4 1-0

[Event "*** Titled Tuesday Blitz"]
[Site "Chess.com"]
[Date "2021.03.16"]
[Round "4"]
[White "Aleksandar-Topalov"]
[Black "jfriedel"]
[Result "0-1"]
[WhiteElo "2374"]
[BlackElo "2590"]
[TimeControl "180+1"]
[EndTime "10:37:43 PDT"]
[Termination "jfriedel won by resignation"]

1. b3 Nf6 2. Bb2 g6 3. Bxf6 exf6 4. c4 Bg7 5. Nc3 O-O 6. e3 f5 7. Nge2 b6 8. g3 Bb7 9. Rg1 d6 10. Bg2 Bxg2 11. Rxg2 Nd7 12. Rb1 Qc8 13. Rg1 Ne5 14. Nf4 Qb7 15. Ncd5 c6 16. Nc3 Rfe8 17. d4 Ng4 18. h3 Nf6 19. Kf1 b5 20. Kg2 b4 21.
Nce2 g5 22. Nd3 a5 23. Kh2 Qe7 24. Re1 Ne4 25. Rf1 h5 26. Qc2 h4 27. Rbe1 g4 28.
Nef4 Ng5 29. Re2 Nf3+ 30. Kg2 Qe4 31. hxg4 Ne1+ 0-1

[Event "*** Titled Tuesday Blitz"]
[Site "Chess.com"]
[Date "2021.03.16"]
[Round "4"]
[White "bakki78"]
[Black "Malev212"]
[Result "1-0"]
[WhiteElo "2783"]
[BlackElo "2537"]
[TimeControl "180+1"]
[EndTime "10:37:44 PDT"]
[Termination "bakki78 won on time"]

1. e4 e5 2. Nf3 Nc6 3. Bb5 a6 4. Ba4 Nf6 5. Nc3 b5 6. Bb3 Bc5 7. O-O d6 8. Nd5 O-O 9. c3 Ba7 10. d4 Nxe4 11. Re1 Bf5 12. Bc2 Nxf2 13. Kxf2 Bxc2 14.
Qxc2 exd4 15. Kg3 Ne5 16. Qf5 c6 17. Nb4 g6 18. Qf4 dxc3 19. bxc3 f6 20. Nxe5 fxe5 21.
Qe4 Bf2+ 22. Kh3 Qd7+ 23. g4 Bxe1 24. Bh6 Bxc3 25. Rd1 Bxb4 26. Bxf8 Rxf8 27. Qxb4 Rf3+ 28. Kg2 c5 29. Qe4 Rf4 30. Qd5+ Kg7 31. h3 Qf7 32. Qxd6 Rf2+ 33. Kg1 Qf4 34. Qe7+ Qf7 35. Qxe5+ Kh6 36. Qe3+ Rf4 37. h4 1-0

[Event "*** Titled Tuesday Blitz"]
[Site "Chess.com"]
[Date "2021.03.16"]
[Round "4"]
[White "Tactickl"]
[Black "DvaHrasta"]
[Result "1-0"]
[WhiteElo "2781"]
[BlackElo "2527"]
[TimeControl "180+1"]
[EndTime "10:37:45 PDT"]
[Termination "Tactickl won on time"]

1. e4 c6 2. Bc4 d5 3. Bb3 dxe4 4. Qh5 g6 5. Qh4 Nf6 6. Nc3 Bg7 7. f3 exf3 8. Nxf3 O-O 9. O-O Nbd7 10. d4 c5 11. Bh6 cxd4 12. Bxg7 Kxg7 13. Nxd4 Nc5 14. Rad1 Nxb3 15. Ne6+ Bxe6 16. Rxd8 Rfxd8 17. cxb3 Rd2 18. Rf2 Rad8 19. h3 h6 20. Qf4 Rxf2 21. Qxf2 a6 22. b4 h5 23. a4 g5 24. Qc5 Kg6 25.
Qxe7 Rd2 26. Qxb7 Rxb2 27. b5 axb5 28. axb5 g4 29. hxg4 hxg4 30. Qc7 Rc2 31. Qe5 Nd7 32. Qe3 Bf5 33. Nd5 Nf6 34. Ne7+ 1-0

[Event "*** Titled Tuesday Blitz"]
[Site "Chess.com"]
[Date "2021.03.16"]
[Round "4"]
[White "AvitalBor"]
[Black "Taran2004"]
[Result "0-1"]
[WhiteElo "2636"]
[BlackElo "2439"]
[TimeControl "180+1"]
[EndTime "10:37:45 PDT"]
[Termination "Taran2004 won by resignation"]

1. c4 Nf6 2. Nc3 g6 3. e4 Bg7 4. d4 O-O 5. h3 d6 6. Be3 c5 7. Nf3 cxd4 8. Nxd4 Nc6 9. Be2 Qc7 10. O-O a6 11. Rc1 Nxd4 12. Bxd4 Be6 13. Nd5 Bxd5 14. cxd5 Qd7 15. Qd3 Rac8 16. Be3 Qa4 17. Bf3 Qxa2 18. e5 dxe5 19. d6 exd6 20. Rxc8 Rxc8 21. Bxb7 Rb8 22. Bxa6 Qd5 23. Qa3 Qe6 24. b4 d5 25. Bc5 Ne4 26. Rc1 Nxc5 27. bxc5 Qc6 28. Qa5 Ra8 29. Qb6 Rxa6 30. Qb8+ Bf8 31. Qxe5 Ra5 0-1

[Event "*** Titled Tuesday Blitz"]
[Site "Chess.com"]
[Date "2021.03.16"]
[Round "4"]
[White "Alekseyviktorovich"]
[Black "Sanyura"]
[Result "0-1"]
[WhiteElo "2412"]
[BlackElo "2640"]
[TimeControl "180+1"]
[EndTime "10:37:48 PDT"]
[Termination "Sanyura won by resignation"]

1. e4 c5 2. a3 g6 3. b4 Bg7 4. Nc3 cxb4 5. axb4 Nf6 6. Rb1 d6 7. g3 O-O 8. Bg2 Nc6 9. Nge2 Bd7 10. O-O Rc8 11. b5 Ne5 12. d3 h5 13. h3 Nh7 14.
Nd5 e6 15. Ne3 g5 16. f4 Ng6 17. f5 Ne5 18. Bb2 Qb6 19. d4 Nc4 20. Nxc4 Rxc4 21. c3 exf5 22. exf5 Bxb5 23. Ba3 Rcc8 24. Bd5 Bxe2 25.
Qxe2 Qa5 26. f6 Nxf6 27. Rxf6 Qxd5 28. Rxd6 Qf5 29. Qxh5 Qxb1+ 30. Kg2 Qa2+ 0-1

[Event "*** Titled Tuesday Blitz"]
[Site "Chess.com"]
[Date "2021.03.16"]
[Round "4"]
[White "AsaHoffmann"]
[Black "AttilaTurzo"]
[Result "1-0"]
[WhiteElo "2361"]
[BlackElo "2536"]
[TimeControl "180+1"]
[EndTime "10:37:48 PDT"]
[Termination "AsaHoffmann won by resignation"]

1. d4 d5 2. Bg5 c6 3. e3 Qb6 4. b3 Bf5 5. Nf3 Nd7 6. Bd3 Bg6 7. O-O Ngf6 8. c4 a5 9. c5 Qd8 10. Nc3 e6 11. Na4 Be7 12. h3 O-O 13. Rc1 Ne4 14.
Bxe7 Qxe7 15. Ne5 Nxe5 16. dxe5 f6 17. f3 Ng3 18. exf6 Qxf6 19. Rf2 e5 20. Qd2 e4 21. fxe4 Qxf2+ 22. Qxf2 Rxf2 23. Kxf2 Nxe4+ 24. Bxe4 Bxe4 25. Kg3 Rf8 26. Nc3 Bd3 27. Rd1 Ba6 28. e4 dxe4 29.
Nxe4 Re8 30. Kf4 h6 31. Rd7 Rf8+ 32. Ke3 Rf1 33. Nd6 Re1+ 34. Kf4 a4 35. Nf5 axb3 36. axb3 Kf8 37. Nxg7 Rf1+ 38. Ke5 Bd3 39. Rxd3 Kxg7 40. Rd7+ Kg6 41. Rxb7 Rf2 42. Rb6 Rxg2 43. Rxc6+ Kg5 44. b4 Rg3 45. b5 Rxh3 46. b6 Rb3 47. Rc8 h5 48.
Kd5 h4 49. Kc6 Kf6 50. Rh8 h3 51. Kc7 Kg6 52. c6 Rb5 53. Rxh3 1-0

[Event "*** Titled Tuesday Blitz"]
[Site "Chess.com"]
[Date "2021.03.16"]
[Round "4"]
[White "atwalcb"]
[Black "CraiggoryC"]
[Result "1-0"]
[WhiteElo "2540"]
[BlackElo "2279"]
[TimeControl "180+1"]
[EndTime "10:37:52 PDT"]
[Termination "atwalcb won by resignation"]

1. d4 Nf6 2. Bg5 g6 3. Bxf6 exf6 4. e3 Bg7 5. g3 O-O 6. Bg2 d5 7. Ne2 c6 8. O-O f5 9. b3 Nd7 10. c4 Nf6 11. Nbc3 Be6 12. Qd3 Ne4 13. h4 Re8 14. Nf4 Bh6 15. cxd5 cxd5 16. Nce2 Rc8 17. Rfc1 Qd7 18.
a4 Rxc1+ 19. Rxc1 Rc8 20. Qb1 a5 21. Rxc8+ Qxc8 22. Qc1 Qc6 23. Qxc6 bxc6 24. Nxe6 fxe6 25. Bxe4 fxe4 26. Kf1 Bf8 27. Nc3 Kf7 28. Ke2 Ke8 29. f3 Bb4 30. Nd1 exf3+ 31. Kxf3 Ke7 32. Nf2 Kf6 33.
Nd3 Bd6 34. e4 e5 35. b4 axb4 36. dxe5+ Bxe5 37. Nxb4 dxe4+ 38. Kxe4 Bxg3 39. a5 Bxh4 40. Nxc6 Bf2 41. Nd4 Bg3 42. a6 Bb8 43. Nc6 Ba7 44. Nxa7 h5 45. Nc6 h4 46. a7 h3 47. Kf3 h2 48.
Kg2 h1=Q+ 49. Kxh1 1-0

[Event "*** Titled Tuesday Blitz"]
[Site "Chess.com"]
[Date "2021.03.16"]
[Round "4"]
[White "ENajer77"]
[Black "GMJustin"]
[Result "1-0"]
[WhiteElo "2624"]
[BlackElo "2310"]
[TimeControl "180+1"]
[EndTime "10:37:55 PDT"]
[Termination "ENajer77 won on time"]

1. d4 Nf6 2. c4 e6 3. Nf3 d5 4. Nc3 c5 5. cxd5 Nxd5 6. e4 Nxc3 7. bxc3 cxd4 8. cxd4 Bb4+ 9. Bd2 Bxd2+ 10. Qxd2 O-O 11. Bc4 Nd7 12. O-O b6 13. d5 Nf6 14. Rfe1 exd5 15. exd5 Bb7 16. Rad1 Rc8 17. Bb3 Qd6 18. Nd4 g6 19. Qg5 Rfe8 20. Nf5 Qb4 21. Nh6+ Kg7 22. Nf5+ Kg8 23. Re3 Ne4 24. Nh6+ Kg7 25. Qf4 f5 26. Nxf5+ gxf5 27. Rg3+ Nxg3 28. Qxb4 1-0

[Event "*** Titled Tuesday Blitz"]
[Site "Chess.com"]
[Date "2021.03.16"]
[Round "4"]
[White "Andrakhanova"]
[Black "JoliyRoger"]
[Result "0-1"]
[WhiteElo "2247"]
[BlackElo "2425"]
[TimeControl "180+1"]
[EndTime "10:37:55 PDT"]
[Termination "JoliyRoger won on time"]

1. c4 Nf6 2. g3 c5 3. Bg2 e6 4. d4 Be7 5. Nc3 cxd4 6. Qxd4 Nc6 7. Qd1 O-O 8. e3 Ne5 9. b3 d6 10. Nge2 a6 11. O-O Qc7 12. Bb2 Rb8 13. a4 b6 14.
Qc2 Bb7 15. e4 Nfd7 16. h3 Rfe8 17. Kh2 Nc5 18. Rad1 Bf8 19. f4 Ng6 20. Rd2 Rbc8 21. Nd4 Ba8 22. Rdf2 h6 23. h4 Be7 24. h5 Nf8 25. f5 Bg5 26. fxe6 fxe6 27. Nce2 Nh7 28. Nf4 e5 29. Nd5 Bxd5 30. exd5 exd4 31. Bxd4 Rf8 32. Bh3 Rxf2+ 33. Rxf2 Rf8 34. Bf5 Nf6 35. Qd1 a5 36.
Kg1 Ncd7 37. Be6+ Kh8 38. Qd3 Ne5 39. Qf5 Qe7 40. Bxe5 dxe5 41. Qxe5 Rd8 42. Kg2 Ng4 43. Rf7 Qxf7 0-1

[Event "*** Titled Tuesday Blitz"]
[Site "Chess.com"]
[Date "2021.03.16"]
[Round "4"]
[White "InitiatingASC"]
[Black "Rodalquilar"]
[Result "0-1"]
[WhiteElo "2450"]
[BlackElo "2672"]
[TimeControl "180+1"]
[EndTime "10:37:57 PDT"]
[Termination "Rodalquilar won by resignation"]

1. d4 d5 2. c4 e6 3. Nc3 a6 4. e3 Nf6 5. Nf3 b6 6. cxd5 exd5 7. Bd3 Bb7 8. O-O Bd6 9. Ne5 Nbd7 10. f4 O-O 11. Bd2 Ne4 12. Be1 f6 13. Bh4 Qe8 14.
Nxd7 Qxd7 15. Nxe4 dxe4 16. Bc4+ Kh8 17. Qh5 f5 18. Kh1 Be7 19. Bxe7 Qxe7 20. Rg1 c5 21. Rad1 Rad8 22. dxc5 Qxc5 23. Rxd8 Rxd8 24. Qf7 Bc6 25. Be6 Rf8 26. Qh5 g6 27. Qh6 Rf6 28. Rd1 Rxe6 29. h4 Re8 30. h5 Qf8 31. Qg5 Qe7 32. Qh6 Qh4+ 33. Kg1 Qxh5 34. Qxh5 gxh5 35. Rd6 Rc8 36. Rf6 Bb5 37. Rxf5 Rc2 38. Rxh5 Rxb2 39. g4 Be2 40. Rg5 Bf3 41. f5 Rg2+ 42. Kf1 Rxg4 0-1

[Event "*** Titled Tuesday Blitz"]
[Site "Chess.com"]
[Date "2021.03.16"]
[Round "4"]
[White "Ural_bogatyr"]
[Black "barbara25"]
[Result "0-1"]
[WhiteElo "2491"]
[BlackElo "2261"]
[TimeControl "180+1"]
[EndTime "10:37:59 PDT"]
[Termination "barbara25 won by resignation"]

1. e4 c5 2. Nf3 d6 3. d4 cxd4 4. Qxd4 Nc6 5. Bb5 Bd7 6. Bxc6 Bxc6 7. Nc3 Nf6 8. Bg5 e6 9. O-O-O Be7 10. Qd3 O-O 11. Nd4 a6 12. f4 Rc8 13. Kb1 Ne8 14. h4 Nf6 15. f5 Qd7 16. fxe6 fxe6 17. h5 h6 18. Bh4 b5 19. e5 dxe5 20. Nxc6 Qxc6 21.
Bxf6 Bxf6 22. Ne4 a5 23. g4 Qc4 24. b3 Qxd3 25. Rxd3 a4 26. Rhd1 axb3 27. axb3 Bg5 28. Rd7 Bh4 29. Rb7 Rf4 30. Nd6 Rcf8 31. Nxb5 Rxg4 32.
Rdd7 e4 33. Nc3 e3 34. b4 Bf6 35. Ne2 Rg2 36. Nf4 Rg4 37. Ne2 Rg2 38. Nf4 Rf2 39. Nd3 e2 40. b5 Rf1+ 41. Ka2 Rd1 42. b6 Rxd3 43. Rxd3 e1=Q 44. Kb3 Qb1+ 45. Kc4 Qxc2+ 0-1

[Event "*** Titled Tuesday Blitz"]
[Site "Chess.com"]
[Date "2021.03.16"]
[Round "4"]
[White "Bodnar_Mykola"]
[Black "PawnEatingZombie"]
[Result "1-0"]
[WhiteElo "2463"]
[BlackElo "2195"]
[TimeControl "180+1"]
[EndTime "10:37:59 PDT"]
[Termination "Bodnar_Mykola won by resignation"]

1. d4 d5 2. c4 e6 3. Nf3 dxc4 4. g3 b5 5. Bg2 Bb7 6. O-O Nd7 7. Nc3 a6 8. a4 c6 9. e4 Ngf6 10. b3 cxb3 11. Qxb3 b4 12. e5 Nd5 13. Ne4 h6 14. a5 Be7 15. Bd2 O-O 16. Rfc1 c5 17. Nxc5 Nxc5 18. dxc5 Rc8 19. Bxb4 Nxb4 20. Qxb4 Bd5 21.
Qb6 Qd7 22. Qxa6 Bxc5 23. Qe2 Ba7 24. Ne1 Bxg2 25. Kxg2 Qd4 26. Nf3 Qd5 27. a6 Rxc1 28. Rxc1 Rb8 29. Rc7 Bb6 30. Rc2 Ra8 31. Ra2 g6 32. Qd2 Qc5 33. Qxh6 Rxa6 34. Rxa6 Qxf2+ 35. Kh3 Qf1+ 36. Kh4 Qxa6 37. Qf4 Qc8 38. Ng5 Bd8 39. Qxf7+ 1-0

[Event "*** Titled Tuesday Blitz"]
[Site "Chess.com"]
[Date "2021.03.16"]
[Round "4"]
[White "Buffy7"]
[Black "TwentyHourADay"]
[Result "1-0"]
[WhiteElo "2625"]
[BlackElo "2396"]
[TimeControl "180+1"]
[EndTime "10:38:01 PDT"]
[Termination "Buffy7 won by resignation"]

1. e4 c6 2. Nc3 d5 3. d4 a6 4. e5 Bf5 5. h4 h6 6. g4 Bd7 7. f4 e6 8. Nf3 c5 9. Be3 cxd4 10. Nxd4 Nc6 11. Qd2 Nxd4 12. Bxd4 Ne7 13. h5 Nc6 14. Bf2 Bb4 15. a3 Ba5 16. b4 Bc7 17. Bd3 Rc8 18.
O-O Bb6 19. Ne2 Bxf2+ 20. Rxf2 Qh4 21. Rg2 f6 22. exf6 gxf6 23. Re1 Kd8 24. c4 dxc4 25. Bxc4 Kc7 26. Rd1 Rcd8 27. Qe3 e5 28. f5 Qg5 29. Qxg5 hxg5 30. Nc3 Rhf8 31. Ne2 Ne7 32. Rg3 Bc6 33. Rgd3 Rxd3 34. Rxd3 e4 35. Rd1 b5 36. Bb3 a5 37.
Nd4 Ra8 38. Ne6+ Kb6 39. Rd8 Rxd8 40. Nxd8 axb4 41. axb4 Bd5 42. Bxd5 Nxd5 43. h6 e3 44. h7 e2 45. Kf2 1-0

[Event "*** Titled Tuesday Blitz"]
[Site "Chess.com"]
[Date "2021.03.16"]
[Round "4"]
[White "boasovietica"]
[Black "WilliamSchill"]
[Result "1-0"]
[WhiteElo "2453"]
[BlackElo "2145"]
[TimeControl "180+1"]
[EndTime "10:38:01 PDT"]
[Termination "boasovietica won by resignation"]

1. e4 c5 2. Nf3 Nc6 3. Nc3 e5 4. Bc4 Be7 5. d3 d6 6. Nd2 Nf6 7. Nf1 O-O 8. Ne3 Be6 9. O-O Nd7 10. Ned5 Nb6 11. Nxb6 Qxb6 12. f4 exf4 13. Rxf4 Ne5 14. b3 Bg5 15. Rf2 Bxc1 16. Qxc1 Qd8 17. h3 a6 18. Qf4 b5 19. Bd5 Rb8 20. Raf1 b4 21.
Nd1 Bxd5 22. exd5 f5 23. Qd2 Qd7 24. Ne3 g6 25. Nc4 Nxc4 26. dxc4 Rbe8 27. Re1 Rxe1+ 28.
Qxe1 Re8 29. Re2 Kf7 30. Kf2 Re7 31. Rxe7+ Qxe7 32. Qd2 Qe5 33. Kg1 a5 34. h4 Qd4+ 35.
Qxd4 cxd4 36. Kf2 Kf6 37. Ke2 Ke5 38. g3 h6 39. Kd3 g5 40. hxg5 hxg5 41. Ke2 Ke4 42.
Kf2 f4 43. gxf4 gxf4 44. Ke2 f3+ 45. Kf2 Kf4 46. c5 Ke5 47. c6 1-0

[Event "*** Titled Tuesday Blitz"]
[Site "Chess.com"]
[Date "2021.03.16"]
[Round "4"]
[White "tylityli"]
[Black "IwkooO"]
[Result "0-1"]
[WhiteElo "2288"]
[BlackElo "2619"]
[TimeControl "180+1"]
[EndTime "10:38:02 PDT"]
[Termination "IwkooO won on time"]

1. d4 Nf6 2. c4 g6 3. Nc3 d5 4. cxd5 Nxd5 5. Bd2 Bg7 6. e4 Nb6 7. Be3 O-O 8. Be2 e5 9. Nf3 exd4 10. Bxd4 c6 11.
Bxg7 Qxd1+ 12. Rxd1 Kxg7 13. O-O Bg4 14. h3 Bxf3 15.
Bxf3 N8d7 16. Be2 Nf6 17. Rd6 Rfd8 18. Rfd1 Rxd6 19. Rxd6 Ne8 20. Rd4 Nc7 21. a4 Ne6 22. Rd6 Rd8 23. Rxd8 Nxd8 24. a5 Nd7 25. a6 b6 26. f4 Kf6 27. Kf2 b5 28. e5+ Ke7 29. Ne4 f6 30. exf6+ Nxf6 31. Nc5 Kd6 32. Nd3 Nd5 33.
Bf3 Nc7 34. Ke3 Nxa6 35. g4 Nc7 36. f5 gxf5 37. gxf5 a5 38. Kf4 Nf7 39. Bh5 Nd5+ 40. Kf3 Ng5+ 41. Kg4 Ne4 42. Bf7 Ndf6+ 43. Kf4 a4 44. h4 c5 45. h5 h6 46. Ne5 Ng5 47. Ba2 Nxh5+ 48. Kg4 Nf6+ 49. Kf4 Nh3+ 50. Kg3 Kxe5 51.
Kxh3 Kxf5 52. Kh4 Ke5 0-1

[Event "*** Titled Tuesday Blitz"]
[Site "Chess.com"]
[Date "2021.03.16"]
[Round "4"]
[White "Caleuche"]
[Black "katchesskat"]
[Result "1-0"]
[WhiteElo "2549"]
[BlackElo "2284"]
[TimeControl "180+1"]
[EndTime "10:38:02 PDT"]
[Termination "Caleuche won by resignation"]

1. e4 c5 2. Nf3 e6 3. c3 a6 4. d4 b5 5. Bd3 Bb7 6. O-O Qc7 7. Re1 Nf6 8. e5 Nd5 9. a3 Be7 10. Nbd2 d6 11. exd6 Bxd6 12. dxc5 Bxc5 13. Ne4 Be7 14. Bg5 Nf6 15. Qe2 Nbd7 16. Rad1 h6 17. Bh4 Nd5 18. Bg3 Qc6 19. Nd4 Qb6 20. Qg4 O-O 21. Bb1 N7f6 22. Qh3 Nxe4 23. Bxe4 Nf6 24. Bb1 Bd5 25. Nf5 exf5 26. Rxe7 Be4 27. Ba2 Rad8 28. Re1 Qc5 29. Re5 Qc6 30. f3 Bc2 31. Bf2 f4 32. Bd4 Nd5 33. Qh4 g5 34. Qh5 Kg7 35. Re6+ 1-0

[Event "*** Titled Tuesday Blitz"]
[Site "Chess.com"]
[Date "2021.03.16"]
[Round "4"]
[White "GMRafpig"]
[Black "Unknown_IM"]
[Result "1-0"]
[WhiteElo "2648"]
[BlackElo "2398"]
[TimeControl "180+1"]
[EndTime "10:38:04 PDT"]
[Termination "GMRafpig won on time"]

1. c4 Nf6 2. Nc3 c5 3. Nf3 Nc6 4. e3 g6 5. d4 cxd4 6. exd4 d6 7. Be2 Bg7 8. O-O O-O 9. h3 e5 10. Be3 Re8 11. dxe5 dxe5 12. Qxd8 Rxd8 13. Rfd1 Bf5 14. Nb5 Bf8 15. Rxd8 Rxd8 16. Nxa7 Nd4 17. Nxd4 exd4 18. Bg5 Bg7 19. Nb5 d3 20. Bf1 h6 21.
Be3 Be6 22. b3 Ng4 23. Rd1 Nxe3 24. fxe3 Bf5 25. Kf2 Be4 26. Nd4 Rxd4 27. exd4 Bxd4+ 28. Ke1 Bc3+ 29. Rd2 f5 30. g3 1-0